 Dungeon Crawl Stone Soup version 0.29-a0-490-g77b3608bb8 (webtiles) character file.

Game seed: 347721310492161241

21126 happo123 the Covert (level 13, -11/78 HPs)
             Began as a Kobold Enchanter on May 26, 2022.
             Was a High Priest of Dithmenos.
             Killed from afar by a deep elf elementalist (36 damage)
             ... with a fireball
             ... on level 1 of the Elven Halls.
             The game lasted 01:38:11 (15748 turns).

happo123 the Covert (Kobold Enchanter)             Turns: 15748, Time: 01:38:12

Health: -11/78     AC: 15    Str:  6    XL:     13   Next: 17%
Magic:  24/24      EV: 35    Int: 21    God:    Dithmenos [*****.]
Gold:   2068       SH:  0    Dex: 21    Spells: 5/27 levels left

rFire   . . .      SeeInvis .   b - +10 long sword "Lumeg" {flame, rC+}
rCold   + . .      Faith    .   (no shield)
rNeg    . . .      Spirit   .   G - +0 troll leather armour
rPois   .          Reflect  .   (no helmet)
rElec   .          Harm     .   Y - +2 cloak {rCorr}
rCorr   +          Rampage  .   L - +1 pair of gloves "Noimipus" {Slay+2}
Will    .....                   d - +1 pair of boots {Fly}
Stlth   ++++++++++              n - amulet of the acrobat
HPRegen 1.03/turn               U - +4 ring of protection
MPRegen 0.19/turn               W - +6 ring of dexterity

@: acrobatic, flying, wreathed by umbra, invisible
A: small, no large weapons, nightstalker 3
a: Renounce Religion, Shadow Step, Shadow Form


You were on level 1 of the Elven Halls.
You worshipped Dithmenos.
Dithmenos was extremely pleased with you.
You visited 4 branches of the dungeon, and saw 14 of its levels.
You also visited: Sewer and Ossuary.

You collected 2589 gold pieces.
You spent 521 gold pieces at shops.

Inventory:

Hand Weapons
 a - a +2 dagger of protection
 b - the +10 long sword "Lumeg" (weapon) {flame, rC+}
   (You found it on level 7 of the Dungeon)

   It burns those it strikes, dealing additional fire damage.
   Big, fiery blades are also staple armaments of hydra-hunters.
   rC:        It protects you from cold.
 H - the +4 dagger "Nezyhoc" {vorpal, rC+}
   (You found it on level 6 of the Dungeon)

   It inflicts extra damage upon your enemies.
   rC:        It protects you from cold.
 X - a +0 vorpal arbalest
Missiles
 S - 3 throwing nets
Armour
 d - a +1 pair of boots of flying (worn)
 G - a +0 troll leather armour (worn)
 L - the +1 pair of gloves "Noimipus" (worn) {Slay+2}
   (You acquired it on level 6 of the Dungeon)

   Slay:      It affects your accuracy & damage with ranged weapons and melee
   (+2).
 T - a +0 kite shield
 Y - a +2 cloak of preservation (worn)
 Z - an orb of light
Magical Staves
 K - a staff of conjuration
 M - a staff of cold
Jewellery
 n - an amulet of the acrobat (around neck)
 w - a ring of poison resistance
 E - a +6 ring of strength
 U - a +4 ring of protection (left hand)
 W - a +6 ring of dexterity (right hand)
Wands
 g - a wand of iceblast (8)
 O - a wand of digging (1)
 R - a wand of flame (8)
Scrolls
 f - a scroll of silence {unknown}
 h - 4 scrolls of immolation
 i - 2 scrolls of enchant armour {unknown}
 j - 2 scrolls of brand weapon
 k - 3 scrolls of vulnerability
 l - 2 scrolls of magic mapping {unknown}
 m - a scroll of torment {unknown}
 o - a scroll of identify
 p - 4 scrolls of teleportation
 q - 4 scrolls of amnesia
 y - a scroll of enchant weapon {unknown}
 z - a scroll of poison {unknown}
 B - 2 scrolls of fear {unknown}
 N - 2 scrolls of fog {unknown}
 P - a scroll of noise {unknown}
Potions
 e - 4 potions of flight {unknown}
 s - 2 potions of mutation {unknown}
 t - 3 potions of brilliance
 u - 4 potions of curing
 v - 3 potions of might
 x - 2 potions of resistance {unknown}
 A - 4 potions of cancellation
 D - a potion of heal wounds
 J - 6 potions of haste


   Skills:
 + Level 8.0 Fighting
 + Level 9.6 Short Blades
 * Level 6.9 Crossbows
 + Level 9.2 Dodging
 + Level 11.2 Stealth
 + Level 7.7 Spellcasting
 * Level 11.0 Hexes
 + Level 6.7 Invocations


You had 5 spell levels left.
You knew the following spells:

 Your Spells              Type           Power      Damage    Failure   Level
a - Ensorcelled Hibernat  Hex/Ice        62%        N/A       1%          2
b - Tukima's Dance        Hex            53%        N/A       1%          3
c - Confusing Touch       Hex            53%        N/A       1%          3
d - Dazzling Flash        Conj/Hex       62%        N/A       4%          3
e - Cause Fear            Hex            26%        N/A       1%          4
f - Leda's Liquefaction   Hex/Erth       15%        N/A       13%         4
g - Inner Flame           Hex/Fire       31%        N/A       4%          3

Your spell library contained the following spells:

 Spells                   Type           Power      Damage    Failure   Level
 Slow                     Hex            100%       N/A       1%          1
 Portal Projectile        Hex/Tloc       62%        N/A       4%          3
 Foxfire                  Conj/Fire      32%        2x1d5     13%         1
 Sting                    Tmut/Pois      32%        1d4       13%         1
 Poisonous Vapours        Pois/Air       16%        N/A       19%         2
 Call Canine Familiar     Summ           8%         N/A       36%         3
 Conjure Flame            Conj/Fire      8%         6-21      36%         3
 Vampiric Draining        Necr           8%         2d6       36%         3
 Silence                  Hex/Air        15%        N/A       36%         5
 Flame Wave               Conj/Fire      8%         2d5       77%         4
 Olgreb's Toxic Radiance  Pois           8%         N/A       77%         4
 Agony                    Necr           8%         N/A       98%         5
 Discord                  Hex            26%        N/A       100%        8


Dungeon Overview and Level Annotations

Branches:
Dungeon (10/15)            Temple (1/1) D:4             Orc (2/2) D:9
    Elf (1/3) Orc:2         Sewer (visited)         Ossuary (visited)
   Lair: D:8-11

Altars:
Ashenzari
Cheibriados
Dithmenos
Elyvilon
Fedhas
Gozag
Hepliaklqana
Kikubaaqudgha
Makhleb
Nemelex Xobeh
Okawaru
Qazlal
Ru
Sif Muna
Trog
Uskayaw
Vehumet
Wu Jian
Xom
Yredelemnul
Zin
The Shining One
Beogh

Shops:
D:6 *   D:7 *   D:8 *   Orc:2 [!:[


Innate Abilities, Weirdness & Mutations

You are small and have problems with some larger weapons.
You are completely attuned to the shadows.


Message History

You see here a potion of degeneration.
You fade into invisibility!
The deep elf knight is no longer moving quickly.
The deep elf knight misses you.
You hit the deep elf knight. You burn the deep elf knight.
The deep elf knight is almost dead.
Your shadow hits the deep elf knight with a long sword.
You kill the deep elf knight!
Dithmenos accepts your kill.
The deep elf archer shoots an arrow.
The arrow misses you.
Your Fighting skill increases to level 8!
You feel better.
The deep elf archer casts a spell at you.
You resist with significant effort.
The deep elf archer shoots an arrow.
The arrow completely misses the deep elf archer.
The arrow completely misses you.
The deep elf archer gestures at something while chanting.
You resist with significant effort.
The deep elf archer shoots an arrow.
The arrow closely misses the deep elf archer.
The arrow completely misses you.
The deep elf archer unwields a +0 shortbow.
The deep elf archer wields a +0 dagger.
The deep elf archer completely misses you.
You slash the deep elf archer! You burn the deep elf archer.
The deep elf archer is moderately wounded.
The ground is no longer liquid beneath you.
The deep elf archer completely misses you.
You slice the deep elf archer!! You burn the deep elf archer.
The deep elf archer is almost dead.
A deep elf elementalist comes into view.
It is wielding a +0 long sword.
The deep elf archer shoots an arrow.
The arrow barely misses the deep elf archer.
You slash the deep elf archer! You burn the deep elf archer.
You kill the deep elf archer!
Dithmenos accepts your kill.
A fireball appears from out of your range of vision.
The fireball explodes!
The fireball engulfs you!!!
You die...

..................).§.......
#......##########.#§###.e..
.......# ##e## ##☼.#
.......# ##§#§# #☼E☼#
#..[..## ##e###.##E.°#
##.#.## ##e## #.#e°.## +...#
##.## ##.○...## #.).#
#####.#######e○.....# #.8.#
#...).@..).○.○......# #)..#
#..)..########.....## #...#
#..!...# ##...## #)8)#
#)....## #...# #...# #######
#...# #...# ##### ##.## #.#
#.#


There were no monsters in sight!

Vanquished Creatures
  2 orc warlords
  2 ogre magi (Orc:2)
  A dancing weapon (Elf:1)
  A deep elf knight (Elf:1)
  A deep elf archer (Elf:1)
  5 deep elf pyromancers (Elf:1)
  3 deep elf zephyrmancers (Elf:1)
  8 orc sorcerers (Orc:2)
  A cyclops (D:9)
  6 trolls
  A water elemental (Elf:1)
  A wraith (D:9)
  Eustachio (D:5)
  3 steam dragons
  6 yaks (D:9)
  3 wargs
  6 water moccasins
  11 orc warriors
  A black bear (D:10)
  8 ogres
  2 centaurs
  6 kobold brigands
  A bullfrog (D:4)
  A necrophage (D:6)
  5 water moccasin zombies (Ossuary)
  4 scorpions
  3 gnoll sergeants (D:7)
  6 howler monkeys
  9 hounds
  2 gnoll shamans (D:7)
  11 orc priests
  6 iguanas
  32 orc wizards
  2 mummies (Ossuary)
  17 gnolls
  2 river rats (Sewer)
  10 adders
  2 shadow imps
  A white imp (D:6)
  3 ufetubi
  3 adder zombies (Ossuary)
  9 worms
  A dart slug (D:4)
  57 orcs
  6 ball pythons
  5 bats
  11 endoplasms
  4 giant cockroaches
  5 hobgoblins
  8 jackals (D:7)
  A quokka (D:4)
  6 frilled lizards
  4 gnoll zombies (Ossuary)
  7 goblins
  5 hobgoblin zombies (Ossuary)
  15 kobolds
  2 kobold zombies (Ossuary)
  7 orc zombies (Ossuary)
  13 rats
365 creatures vanquished.

Vanquished Creatures (collateral kills)
  3 gnolls (D:7)
3 creatures vanquished.

Vanquished Creatures (others)
  A deep elf pyromancer (Elf:1)
  An air elemental (Elf:1)
  3 dancing weapons
  5 plants
10 creatures vanquished.

Grand Total: 378 creatures vanquished

Notes
Turn   | Place    | Note
-------+----------+-------------------------------------------
     0 | D:1      | happo123 the Kobold Enchanter began the quest for the Orb.
     0 | D:1      | Reached XP level 1. HP: 10/10 MP: 3/3
   569 | D:1      | Found a faded altar of an unknown god.
   590 | D:1      | Reached XP level 2. HP: 15/15 MP: 5/5
   597 | D:1      | Learned a level 2 spell: Ensorcelled Hibernation
  1679 | D:2      | Reached XP level 3. HP: 20/20 MP: 6/6
  1683 | D:2      | Learned a level 3 spell: Tukima's Dance
  2097 | D:2      | Reached skill level 1 in Fighting
  2399 | D:2      | Reached XP level 4. HP: 25/25 MP: 0/7
  3101 | D:3      | Found an ancient bone altar of Kikubaaqudgha.
  3427 | D:3      | Learned a level 3 spell: Confusing Touch
  3433 | D:4      | Reached XP level 5. HP: 29/29 MP: 9/9
  3715 | D:4      | Reached XP level 6. HP: 35/35 MP: 10/10
  3859 | D:4      | Found a staircase to the Ecumenical Temple.
  3877 | D:4      | Found a glowing drain.
  3883 | Sewer    | Entered a sewer
  4073 | Sewer    | Reached skill level 5 in Stealth
  4309 | Sewer    | Reached XP level 7. HP: 40/40 MP: 6/11
  4314 | Sewer    | Learned a level 3 spell: Dazzling Flash
  4527 | Sewer    | Reached skill level 5 in Hexes
  5027 | Temple   | Entered the Ecumenical Temple
  5058 | Temple   | Became a worshipper of Dithmenos the Shadowed
  5399 | D:4      | Found a radiant altar of Vehumet.
  5409 | D:4      | Reached XP level 8. HP: 46/46 MP: 13/13
  6016 | D:5      | Entered Level 5 of the Dungeon
  6199 | D:5      | Noticed Eustachio
  6236 | D:5      | Killed Eustachio
  6361 | D:5      | Reached skill level 5 in Dodging
  6691 | D:5      | Reached skill level 5 in Short Blades
  6940 | D:5      | Reached XP level 9. HP: 52/52 MP: 15/15
  7107 | D:5      | Reached skill level 1 in Invocations
  7478 | D:6      | Found Ruckiniapp's Elemental Accessories.
  7530 | D:6      | Reached * piety under Dithmenos
  7627 | D:6      | Found a hide-covered altar of Uskayaw.
  7633 | D:6      | Identified the +4 dagger "Nezyhoc" {vorpal, rC+}
  7811 | D:6      | Found a snail-covered altar of Cheibriados.
  7987 | D:6      | Found an iron altar of Okawaru.
  8237 | D:6      | Identified 3 scrolls of acquirement
  8241 | D:6      | Acquired 989 gold pieces
  8242 | D:6      | Acquired the +1 pair of gloves "Noimipus" {Slay+2}
  8248 | D:6      | Acquired a book of Hexes
  8255 | D:6      | Learned a level 4 spell: Cause Fear
  8298 | D:7      | You are sucked into a shaft and drop 3 floors!
  8298 | D:10     | Entered Level 10 of the Dungeon
  8409 | D:9      | Reached skill level 5 in Spellcasting
  8414 | D:9      | Reached skill level 5 in Fighting
  8450 | D:9      | Reached XP level 10. HP: 37/59 MP: 0/17
  8757 | D:9      | Found a broken altar of Ashenzari.
  9070 | D:8      | Found a hazy altar of Hepliaklqana.
  9123 | D:8      | Found Feunkime's Demolitions Depot.
  9199 | D:8      | Found a bloodstained altar of Trog.
  9240 | D:8      | Found a sand-covered staircase.
  9246 | Ossuary  | Entered an ossuary
  9289 | Ossuary  | Reached ** piety under Dithmenos
  9662 | D:7      | Found a glowing silver altar of Zin.
  9922 | D:7      | Found Hydez's Gadget Gallery.
  9928 | D:7      | Bought a wand of flame (12) for 84 gold pieces
 10011 | D:7      | Reached *** piety under Dithmenos
 10297 | D:7      | Identified the +3 chain mail of Pride {rC+ MP-9 Str+2
                  | Dex+3}
 10379 | D:7      | Identified the +10 long sword "Lumeg" {flame, rC+}
 11489 | D:8      | Reached **** piety under Dithmenos
 11677 | D:8      | Reached XP level 11. HP: 64/64 MP: 18/20
 11934 | D:8      | Found a sacrificial altar of Ru.
 12541 | D:9      | Found a staircase to the Orcish Mines.
 12763 | D:9      | Noticed a cyclops
 12768 | D:9      | Killed a cyclops
 12964 | D:9      | Learned a level 4 spell: Leda's Liquefaction
 13032 | Orc:1    | Entered Level 1 of the Orcish Mines
 13076 | Orc:1    | Found a bloodstained altar of Trog.
 13229 | Orc:2    | Entered Level 2 of the Orcish Mines
 13301 | Orc:1    | Reached skill level 5 in Invocations
 13380 | Orc:2    | Noticed an orc warlord
 13836 | Orc:1    | HP: 3/66 [orc warlord (17)]
 13840 | Orc:1    | Killed an orc warlord
 14032 | Orc:2    | Reached skill level 1 in Crossbows
 14118 | Orc:2    | Found a staircase to the Elven Halls.
 14362 | Orc:2    | Reached skill level 10 in Stealth
 14489 | Orc:2    | Noticed an orc warlord
 14713 | Orc:2    | Killed an orc warlord
 14714 | Orc:2    | Reached skill level 10 in Hexes
 14714 | Orc:2    | Reached XP level 12. HP: 72/72 MP: 22/22
 14833 | Orc:2    | Reached ***** piety under Dithmenos
 14927 | Orc:2    | Noticed an ogre mage
 14950 | Orc:2    | Paralysed by something for 2 turns
 14970 | Orc:2    | Killed an ogre mage
 15031 | Orc:2    | Found Dokaqi's Antique Armour Shop.
 15059 | Orc:2    | Found an ancient bone altar of Kikubaaqudgha.
 15184 | Orc:2    | Found a radiant altar of Vehumet.
 15184 | Orc:2    | Noticed an ogre mage
 15193 | Orc:2    | Paralysed by something for 3 turns
 15198 | Orc:2    | Killed an ogre mage
 15217 | Orc:2    | Reached skill level 5 in Crossbows
 15304 | Orc:2    | Found Yzeivil's Book Shop.
 15366 | Orc:2    | Found Axorghoa's Antique Armour Boutique.
 15372 | Orc:2    | Bought a glowing cloak for 187 gold pieces
 15385 | Orc:2    | Found Gofauby's Distillery.
 15391 | Orc:2    | Bought 2 potions of haste for 200 gold pieces
 15391 | Orc:2    | Bought a potion of heal wounds for 50 gold pieces
 15480 | Orc:2    | Learned a level 3 spell: Inner Flame
 15555 | Elf:1    | Entered Level 1 of the Elven Halls
 15625 | Elf:1    | Noticed a deep elf knight
 15638 | Elf:1    | Noticed a +1 flail of protection
 15642 | Elf:1    | Killed a +1 flail of protection
 15643 | Elf:1    | Reached XP level 13. HP: 78/78 MP: 24/24
 15746 | Elf:1    | Noticed a deep elf elementalist
 15748 | Elf:1    | Killed from afar by a deep elf elementalist

Illustrated notes

Levels and vault maps discovered:
D:1:      minmay_arrival_nine_rooms, layout_basic, basic_ecumenical_altar,
          minivault_24
D:2:      layout_loops_ring, serial_bayou_ford_a, nicolae_wormholes
D:3:      layout_basic, nicolae_overflow_crystal_walls
D:4:      layout_basic, nicolae_vehumet_radiance,
          minmay_temple_entry_statues_fountains, cheibrodos_sewer_entry_drain
D:5:      layout_basic, uniq_eustachio
D:6:      layout_rooms, mainiacjoe_overflow_brackets, okawaru_altar_gauntlet_db,
          eat_drink_and_be_merry_uskayaw, amethyst_killhole,
          nicolae_elemental_shop
D:7:      layout_cave_pools, mainiacjoe_overflow_small_starburst,
          serial_gnoll_camp, gnoll_camp_medium_01, gnoll_camp_huts_basic,
          gnoll_camp_mini_hut, gnoll_camp_mini_doghouse, enter_bailey_4,
          nicolae_shop_gadgets
D:8:      layout_gridville, lemuel_crystal_altar, lemuel_doored_altar,
          nicolae_ru_the_path_less_chosen, nicolae_ossuary_entry_monument,
          nicolae_blasting_shop
D:9:      layout_roguey, amcnicky_altar_gilded, minmay_orc_entry_temple_small,
          serial_aquarium, aquarium_bridge_straight [aquarium_subvault_bridge,
          aquarium_subvault_window, aquarium_subvault_bridge,
          aquarium_subvault_window], aquarium_window_fake, aquarium_window_1,
          aquarium_view_2f, aquarium_view_2e, aquarium_balcony_double_1,
          aquarium_pool_double
D:10:     layout_loops_corners, due_lair_maze_entry_diamond,
          gammafunk_ghost_stat_death
Temple:   nicolae_temple_no_exploring_needed
Orc:1:    minmay_goldmine, layout_diamond_mine, basic_altar
Orc:2:    kennysheep_orc_mage_school, layout_caves, mines2_david
Elf:1:    elf_arrival_001, layout_rooms, minivault_28

Skill      XL: |  1  2  3  4  5  6  7  8  9 10 11 12 13 |
---------------+----------------------------------------+-----
Fighting       | 1 2 3 4 5 6 7 8 |  8.0
Short Blades   | 2 3 4 5 6 7 8 9 |  9.6
Dodging        | 3 4 5 6 7 8 9 |  9.2
Hexes          | 4 5 6 7 8 10 11 | 11.0
Spellcasting   | 3 4 5 6 7 |  7.7
Stealth        | 5 6 7 9 10 11 | 11.2
Invocations    | 2 4 5 6 |  6.7
Crossbows      | 2 6 |  6.9

Action                   |  1- 3 |  4- 6 |  7- 9 | 10-12 | 13-15 || total
-------------------------+-------+-------+-------+-------+-------++-------
Melee: Dagger            |    81 |   118 |   248 |   503 |     1 ||   951
       Punch             |     2 |     1 |     3 |     6 |       ||    12
       Long sword        |       |       |       |    69 |    15 ||    84
       Arbalest          |       |       |       |     1 |       ||     1
 Fire: Arbalest          |       |       |       |   186 |     1 ||   187
 Cast: Ensorcelled Hiber |     6 |    24 |    63 |   147 |       ||   240
       Dazzling Flash    |       |       |     1 |     4 |       ||     5
       Confusing Touch   |       |       |     1 |     2 |       ||     3
       Tukima's Dance    |       |       |       |     9 |       ||     9
       Cause Fear        |       |       |       |     1 |       ||     1
       Leda's Liquefacti |       |       |       |     2 |     1 ||     3
Evoke: Wand              |       |       |       |     4 |       ||     4
  Use: Scroll            |       |       |     8 |    12 |     1 ||    21
       Potion            |       |       |       |     7 |     4 ||    11
 Stab: Sleeping          |    18 |    29 |    58 |   129 |     1 ||   235
       Distracted        |     1 |       |       |     2 |       ||     3
       Invisible         |       |       |     1 |     5 |       ||     6
       Confused          |       |       |     1 |     2 |       ||     3
Armor: Robe              |    12 |    22 |    30 |       |       ||    64
       Troll leather arm |       |       |    25 |   171 |     4 ||   200
Dodge: Dodged            |    51 |    80 |   207 |   556 |    22 ||   916

Table legend: (Time is in decaauts)
 A = Elapsed time spent in this place.
 B = Non-inter-level travel time spent in this place.
 C = Inter-level travel time spent in this place.
 D = Time resting spent in this place.
 E = Time spent auto-exploring this place.
 F = Levels seen in this place.
 G = Mean time per level.
                   A        B        C        D        E       F      G
               +--------+--------+--------+--------+--------+-----+--------+
         Total |  15639 |  12888 |   2751 |   1256 |   7603 |  16 |  977.4 |
       Dungeon |  11448 |   9623 |   1825 |    811 |   6859 |  10 | 1144.8 |
        Temple |     38 |     24 |     14 |      0 |     11 |   1 |   38.0 |
  Orcish Mines |   2642 |   1746 |    896 |    428 |     33 |   2 | 1321.0 |
   Elven Halls |    191 |    175 |     16 |      4 |      0 |   1 |  191.0 |
         Sewer |   1012 |   1012 |      0 |      0 |    700 |   1 | 1012.0 |
       Ossuary |    306 |    306 |      0 |     13 |      0 |   1 |  306.0 |
               +--------+--------+--------+--------+--------+-----+--------+

Top non-repeatable levels by time:
   Orc:2: 1989 daAuts
     D:1: 1617 daAuts
     D:7: 1524 daAuts
     D:4: 1515 daAuts
     D:8: 1500 daAuts
     D:5: 1422 daAuts
     D:9: 1228 daAuts
   Sewer: 1012 daAuts
     D:2: 992 daAuts
     D:3: 803 daAuts
     D:6: 783 daAuts
   Orc:1: 652 daAuts
 Ossuary: 306 daAuts
   Elf:1: 191 daAuts
    D:10: 59 daAuts
